General information
- name: BNet
- type: Ladder 1vs1/FFA
- host: Battle.net
- saver: VELOX_NEB
map: TwistedMeadows
- players: 2
- length: 33:01
- speed: Fast
- version: 1.21 W3XP
- replay type: Public
» download(105 KB)
Players
team 1 (loser)
HavEMeRCyOnMe (
green | 55 APM | 1824 actions | 33:00)
6 Demon Hunter
3 Mana Burn
2 Evasion
1 Metamorphosis
» actions
| Assign group hotkey | 14 | |
| Basic commands | 5 | |
| Build / train | 64 | |
| ESC pressed | 3 | |
| Enter build submenu | 37 | |
| Enter hero's abilities submenu | 6 | |
| Right click | 1104 | |
| Select / deselect | 447 | |
| Select group hotkey | 41 | |
| Use ability | 103 | |
1824 total
» units
| Wisp | 27 | |
| Huntress | 12 | |
| Glaive Thrower | 7 | |
| Hippogryph | 5 | |
| Chimaera | 1 | |
52 total
» upgrades
| Strength of the Wild | 1 | |
| Reinforced Hides | 1 | |
2 total
» buildings
| Altar of Elders | 1 | |
| Moon Well | 12 | |
| Hunter's Hall | 1 | |
| Ancient of War | 2 | |
| Ancient Protector | 13 | |
| Tree of Ages | 2 | |
| Tree of Life | 2 | |
| Tree of Eternity | 1 | |
| Ancient of Wind | 2 | |
| Chimaera Roost | 1 | |
37 total
» build order
00:12 Altar of Elders
00:21 Moon Well
01:31 Hunter's Hall
02:30 Ancient of War
02:32 Ancient of War
02:53 Moon Well
02:55 Moon Well
03:14 Moon Well
05:08 Ancient Protector
05:10 Ancient Protector
05:13 Ancient Protector
05:18 Ancient Protector
11:02 Ancient Protector
11:05 Ancient Protector
12:19 Ancient Protector
13:57 Ancient Protector
13:59 Ancient Protector
15:52 Ancient Protector
17:35 Ancient Protector
17:38 Ancient Protector
17:41 Ancient Protector
19:21 Tree of Ages
20:39 Tree of Life
23:10 Tree of Eternity
24:23 Ancient of Wind
25:31 Ancient of Wind
27:16 Chimaera Roost
28:40 Moon Well
28:42 Moon Well
28:46 Moon Well
28:56 Moon Well
29:44 Moon Well
30:56 Tree of Ages
31:04 Tree of Life
31:15 Moon Well
31:21 Moon Well
31:26 Moon Well
team 2 (winner)
VELOX_NEB (
yellow | 86 APM | 2849 actions | 33:01)
6 Far Seer
3 Feral Spirit
2 Chain Lighting
1 Earth Quake
2 Shadow Hunter
1 Hex
1 Serpent Ward
» actions
| Assign group hotkey | 62 | |
| Basic commands | 239 | |
| Build / train | 86 | |
| ESC pressed | 2 | |
| Enter build submenu | 34 | |
| Enter hero's abilities submenu | 8 | |
| Give item / drop item | 3 | |
| Remove unit from queue | 5 | |
| Right click | 1270 | |
| Select / deselect | 673 | |
| Select group hotkey | 319 | |
| Use ability | 148 | |
2849 total
» units
| Peon | 19 | |
| Grunt | 11 | |
| Demolisher | 5 | |
| Wind Rider | 5 | |
| Troll Batrider | 7 | |
47 total
» buildings
| Altar of Storms | 3 | |
| Orc Burrow | 8 | |
| Barracks | 3 | |
| War Mill | 2 | |
| Stronghold | 2 | |
| Voodoo Lounge | 4 | |
| Great Hall | 5 | |
| Watch Tower | 5 | |
| Beastiary | 1 | |
33 total
» build order
00:06 Altar of Storms
00:20 Orc Burrow
00:40 Barracks
01:42 Orc Burrow
02:47 War Mill
03:31 Orc Burrow
04:26 Stronghold
04:53 Orc Burrow
05:13 Voodoo Lounge
05:48 Great Hall
09:36 Altar of Storms
10:14 Barracks
11:06 Voodoo Lounge
11:19 Voodoo Lounge
13:31 Barracks
13:34 Orc Burrow
13:46 Voodoo Lounge
14:28 War Mill
15:13 Stronghold
15:56 Orc Burrow
16:41 Watch Tower
16:43 Watch Tower
17:25 Orc Burrow
17:59 Watch Tower
18:00 Watch Tower
19:26 Beastiary
20:20 Watch Tower
20:56 Altar of Storms
21:07 Great Hall
23:49 Great Hall
26:49 Great Hall
29:30 Orc Burrow
29:50 Great Hall
» items
| Healing Salve | 3 | |
| Lesser Clarity Potion | 8 | |
| Scroll of Speed | 1 | |
| Potion of Healing | 3 | |
| Potion of Mana | 4 | |
| Scroll of Town Portal | 2 | |
21 total
Chat log
(00:37 / All) HavEMeRCyOnMe: hey yo
(00:43 / All) VELOX_NEB: howdy
(00:43 / All) VELOX_NEB: gl hf
(01:37 / All) HavEMeRCyOnMe: what icon do u have?
(01:45 / All) VELOX_NEB: sh
(01:50 / All) HavEMeRCyOnMe: yea i see
(01:54 / All) HavEMeRCyOnMe: u play tons of games
(02:05 / All) VELOX_NEB: original account
(08:15 / All) VELOX_NEB: sigh
(08:21 / All) VELOX_NEB: you're lucky i messed up my build
(09:53 / All) HavEMeRCyOnMe: wtf
(09:54 / All) HavEMeRCyOnMe: dman
(09:58 / All) HavEMeRCyOnMe: i think tis gg on me
(31:56 / All) HavEMeRCyOnMe: lomg game
(32:58 / All) HavEMeRCyOnMe: gosh u got lucky